Unix xNetHack Version 7.1.0 - last build Jun 10 2022 16:52:22 (33bbff3b7d1ce07880d5c4b1c5efc7e91935e5b9). Game began 2022-07-03 20:17:19, ended 2022-07-03 20:23:42. nmlkj, chaotic male human Wizard --------------- ..............| #|.............| ###-............@f# ## |.............| #### --.------------ # ## # --|------#### |.......|# |......<-# |.......| --------- Nmlkj the Conjurer St:12 Dx:10 Co:14 In:18 Wi:10 Ch:10 Chaotic S:421 Dlvl:3 $:29 HP:0(25) Pw:26(31) AC:5 Xp:3/73 T:597 Latest messages: You see here a lichen corpse. i - a lichen corpse {20}. $ - 13 gold pieces {0}. You descend the stairs. In what direction? h The spell hits the dwarf zombie! You destroy the dwarf zombie! The spell hits the gecko! You kill the gecko! There is a staircase up to level 2 here. You see here a dwarf corpse. There is a dwarf corpse here; eat it? [ynq] (n) y This dwarf corpse tastes terrible! You finish eating the dwarf corpse. You see here a scale mail. The door opens. You see here a scale mail. n - a scale mail {250}. You were wearing an uncursed +0 cloak of magic resistance {10}. What do you want to wear? You finish your dressing maneuver. What do you want to wear? You are now wearing a cloak of magic resistance. The little dog bites! The little dog misses! In what direction? k The spell misses the little dog. The little dog bites! The little dog bites! In what direction? k The spell hits the little dog! You kill the little dog! The gecko bites! You miss the gecko. The gecko bites! You miss the gecko. You miss the gecko. The gecko bites! The gecko bites! You kill the gecko! In what direction? h The spell hits the kitten! You kill the kitten! Splat! You hear someone counting gold coins. You miss the kitten. The kitten bites! The kitten misses! The kitten bites! You die... Major events: Turn 1: nmlkj the chaotic male human Wizard entered the dungeon 482: attained the rank of Conjurer (level 3) 597: killed by a kitten Inventory: Inventory: 516/700 weight (13/52 slots) Coins $ - 29 gold pieces {1} Weapons g - a +0 orcish dagger (at the ready) {10} a - a blessed +1 quarterstaff (weapon in hands) {40} Armor h - an uncursed rustproof +0 orcish helm {30} b - an uncursed +0 cloak of magic resistance (being worn) {8} n - an uncursed +0 scale mail (being worn) {188} Comestibles l - an uncursed food ration {20} k - an uncursed orange {2} i - 3 uncursed lichen corpses {60} Spellbooks f - an uncursed spellbook of cause fear {45} c - a blessed spellbook of force bolt {35} e - an uncursed spellbook of healing {35} d - a blessed spellbook of magic missile {40} Rings m - an uncursed -1 ring of adornment (on right hand) {3} Nmlkj the Wizard's attributes: Background: You were a Conjurer, a level 3 male human Wizard. You were chaotic, on a mission for Anhur who was opposed by Ptah (lawful) and Thoth (neutral). You were heterosexual. You were in the Dungeons of Doom, on level 3. You entered the dungeon 597 turns ago. You had 73 experience points, 7 more were needed to attain level 4. Your score was 421 before end-of-game adjustments. Basics: You had 0 out of 25 hit points. You had 26 out of 31 energy points (spell power). Your armor class was 5. Your wallet contained 29 zorkmids. Autopickup was on for '$"?+!=/' plus thrown. Final Characteristics: Your strength was 12 (limit:18/100). Your dexterity was 10 (limit:18). Your constitution was 14 (limit:18). Your intelligence was 18 (limit:18). Your wisdom was 10 (limit:18). Your charisma was 10 (base:11, limit:18). Final Status: You were not hungry. You were unencumbered. You were wielding a quarterstaff. You had basic skill with quarterstaff. Final Attributes: You were fervently aligned. You were magic-protected. You were less charismatic. You were warded. You are dead. Miscellaneous: You never encountered a bones level. Total elapsed playing time was 6 minutes and 23 seconds. Vanquished creatures: a little dog a kitten a dwarf zombie a coyote a giant rat 3 geckos a jackal a fox a goblin a grid bug 6 lichens 2 kobold zombies 4 newts 24 creatures vanquished. No species were genocided or became extinct. Voluntary challenges: You were an atheist. You were illiterate. You never genocided any monsters. You never polymorphed an object. You never changed form. You never touched an artifact. You used no wishes. You never owned a pet. You never scared an enemy with impunity. You were celibate. You never generated conflict. Achievements: You entered a shop. You attained the rank of Conjurer. The Dungeons of Doom: levels 1 to 3 Level 1: A fountain. Level 2: A general store. Level 3: <- You were here. Final resting place for you, killed by a kitten. Game over: __________ / \ / REST \ / IN \ / PEACE \ / \ | nmlkj | | 29 Au | | killed by a | | kitten | | | | | | 2022 | *| * * * | * _________)/\\_//(\/(/\)/\//\/|_)_______ Goodbye nmlkj the Wizard... You died in The Dungeons of Doom on dungeon level 3 with 419 points, and 29 pieces of gold, after 597 moves. You were level 3 with a maximum of 25 hit points when you died.